 Dungeon Crawl Stone Soup version 0.27-a0-1448-g9c78c815f3 (webtiles) character file.

Game seed: 14991202690171413976

9147 Lekart the Carver (level 11, -2/129 (142) HPs)
             Began as a Green Draconian Chaos Knight on July 5, 2021.
             Was a Plaything of Xom.
             Slain by a komodo dragon (6 damage)
             ... on level 1 of the Lair of Beasts.
             The game lasted 00:33:30 (13142 turns).

Lekart the Carver (Green Draconian Chaos Knight)   Turns: 13142, Time: 00:33:31

HP:   -2/129 (142)  AC:  9    Str: 14    XL:     11   Next: 19%
MP:   9/9           EV: 20    Int: 17    God:    Xom [...*..]
Gold: 266           SH: 10    Dex: 19    Spells: 10/10 levels left

rFire    + . .     SeeInvis .   a - +0 falchion (chaos)
rCold    . . .     Faith    .   i - +0 kite shield
rNeg     . . .     Spirit   .   (armour unavailable)
rPois    +         Reflect  .   d - +2 hat {Int+3}
rElec    .         Harm     .   h - scarf {repulsion}
rCorr    .         Rampage  .   (no gloves)
Will     +....                  (no boots)
Stlth    ..........             v - amulet of regeneration
HPRegen  1.31/turn              o - +6 ring of dexterity
MPRegen  0.11/turn              x - +4 ring of evasion

@: berserking, unable to read, drained, repel missiles, very quick
A: breathe noxious fumes, AC +7, unfitting armour, poison resistance,
cold-blooded, claws 1, stinger 1, clever 1, fire resistance 1, low mp 1,
strong-willed 1, weak 1, wild magic 1, evolution 1, inability to read while
threatened
a: Breathe Noxious Fumes, Renounce Religion


You were on level 1 of the Lair of Beasts.
You worshipped Xom.
You were a favourite toy of Xom.
You visited 3 branches of the dungeon, and saw 13 of its levels.
You also visited: Ossuary.

You collected 596 gold pieces.
You spent 330 gold pieces at shops.

Inventory:

Hand Weapons
 a - a +0 falchion of chaos (weapon)
Missiles
 e - a throwing net
 l - a curare-tipped dart (quivered)
Armour
 d - a +2 hat of intelligence (worn)
 h - a scarf of repulsion (worn)
 i - a +0 kite shield (worn)
Jewellery
 j - a ring of resist corrosion
 k - a ring of willpower
 o - a +6 ring of dexterity (left claw)
 v - an amulet of regeneration (around neck)
 x - a +4 ring of evasion (right claw)
Wands
 f - a wand of iceblast (17)
 n - a wand of acid (4)
 t - a wand of mindburst (4)
Scrolls
 b - 4 scrolls of teleportation
 g - 2 scrolls of amnesia
 m - a scroll of enchant armour
 p - a scroll of blinking
 q - 5 scrolls of fear
 r - 3 scrolls of silence
 w - a scroll of magic mapping
Potions
 c - 7 potions of curing
 s - 2 potions of flight
 z - a potion of resistance


   Skills:
 + Level 8.9 Fighting
 + Level 11.5 Long Blades
 + Level 0.5 Throwing
 + Level 8.4 Dodging
 + Level 6.3 Shields
 + Level 1.6 Evocations


You had 10 spell levels left.
You didn't know any spells.
Your spell library contained the following spells:

 Spells                   Type           Power      Damage    Failure   Level
 Animate Skeleton         Necr           0%         N/A       67%         1
 Pain                     Necr           0%         1d4       67%         1
 Sting                    Tmut/Pois      0%         1d3       67%         1
 Corpse Rot               Necr/Air       N/A        N/A       80%         2
 Poisonous Vapours        Pois/Air       0%         N/A       80%         2
 Call Canine Familiar     Summ           0%         N/A       95%         3
 Portal Projectile        Hex/Tloc       0%         N/A       95%         3
 Vampiric Draining        Necr           0%         2d6       95%         3
 Dispel Undead            Necr           0%         3d6       100%        4
 Leda's Liquefaction      Hex/Erth       0%         N/A       100%        4
 Olgreb's Toxic Radiance  Pois           0%         N/A       100%        4
 Death Channel            Necr           0%         N/A       100%        6


Dungeon Overview and Level Annotations

Branches:
Dungeon (11/15)            Temple (1/1) D:4            Lair (1/6) D:10
Ossuary (visited)
    Orc: D:9-12

Altars:
Ashenzari
Cheibriados
Dithmenos
Elyvilon
Fedhas
Gozag
Hepliaklqana
Kikubaaqudgha
Makhleb
Nemelex Xobeh
Okawaru
Qazlal
Ru
Sif Muna
Trog
Uskayaw
Vehumet
Wu Jian
Xom
Yredelemnul
Zin
The Shining One

Shops:
D:1 (   D:8 =

Annotations:
D:3 exclusion: downstairs
D:10 3 runed translucent doors, anet's ghost, journeyman HOCj


Innate Abilities, Weirdness & Mutations

You can breathe blasts of noxious fumes.
Your lurid green scales are hard. (AC +7)
You cannot fit into any form of body armour.
Your system is resistant to poisons. (rPois)
You are cold-blooded and may be slowed by cold attacks.
You have sharp fingernails.
Your tail ends in a poisonous barb.
Your mind is acute. (Int +2)
Your flesh is heat resistant. (rF+)
Your magical capacity is low. (-10% MP)
You are strong-willed. (Will+)
You are weak. (Str -2)
Your spells are a little harder to cast, but a little more powerful.
You evolve.
You sometimes lose the ability to read scrolls when taking damage.


Message History

You feel a genetic drift.
There is an open door here.
There is an open door here.
You open the door.
There is an open door here.
Found a glowing whip.
A komodo dragon comes into view.
The komodo dragon hisses angrily.
A komodo dragon is nearby!
You enter the shallow water.
Moving in this stuff is going to be slow.
You hit the komodo dragon but do no damage.
The komodo dragon flickers and vanishes!
Deactivating autopickup; reactivate with Ctrl-A.
Xom thinks this is hilarious!
You tail-slap something. Something closely misses you.
No target in view!
No target in view!
No target in view!
Something bites you!!
You emit a cloud of colourful smoke!
You closely miss something. Something bites you!
You feel threatened and lose the ability to read scrolls!
You hit something but do no damage.
Your tail-slap misses something.
Something bites you!!
* * * LOW HITPOINT WARNING * * *
You hit something but do no damage. Something barely misses you.
You hear an angry hiss.
You block something's attack. Something bites you but does no damage.
Something barely misses you.
You open the door. Something bites you!!
* * * LOW HITPOINT WARNING * * *
Unknown command.
You cannot read scrolls in your current state!
Unknown command.
A red film seems to cover your vision as you go berserk!
You feel yourself moving faster!
You feel mighty! Something misses you. Something closely misses you.
You completely miss something. You tail-slap something! Something bites you.
You die...

#...............
##..........#....
#................
#..........≈.≈≈.
##.........≈≈≈≈≈≈
#...$..§§.≈≈≈≈≈≈≈≈
#.....§.≈≈≈≈≈≈≈≈≈≈
#........≈≈≈≈..≈≈≈
#....@...≈≈≈..≈≈≈≈..
####'.#..≈≈≈≈..≈≈≈..
...###.≈≈≈≈≈≈≈≈≈≈##
#.#.# #..≈≈≈≈≈≈≈≈....
..... #..≈≈≈≈≈≈≈.##P+
#...... ###.≈..........
#
.......##.###.........
..............#........
.....#.###.'........


There were no monsters in sight!

Vanquished Creatures
  3 two-headed ogres
  A kobold demonologist (D:10)
  A komodo dragon (Lair:1)
  2 trolls
  Sigmund (D:5)
  Eustachio (D:4)
  A wyvern (D:10)
  A steam dragon (D:8)
  4 wargs (D:10)
  5 water moccasins
  8 orc warriors
  A hornet zombie (D:7)
  A black bear (D:4)
  A necrophage (D:4)
  2 wolves
  4 ogres
  A centaur (D:9)
  2 kobold brigands
  Blork the orc (D:5)
  A wyvern zombie (D:8)
  A bullfrog (D:9)
  6 elf zombies (Ossuary)
  4 gnoll sergeants
  A scorpion (D:5)
  3 killer bees (D:9)
  3 electric eels (D:10)
  4 wights
  A crimson imp (D:4)
  A human zombie (Ossuary)
  9 hounds
  6 orc priests
  A centaur skeleton (D:6)
  5 centaur zombies
  A gnoll shaman (D:6)
  3 jellies
  Natasha (twice) (D:4)
  Ijyb (D:4)
  2 iguanas
  12 orc wizards
  A hound zombie (D:5)
  3 mummies (Ossuary)
  2 howler monkey zombies (D:7)
  14 gnolls
  12 adders
  A shadow imp (D:6)
  3 white imps
  An ufetubus (D:7)
  An adder skeleton (D:4)
  A worm (D:4)
  A dart slug (D:3)
  33 orcs
  3 endoplasms
  2 giant cockroaches
  4 goblins
  4 hobgoblins
  2 jackals (D:3)
  5 quokkas
  5 ball pythons
  A frilled lizard (D:1)
  3 goblin zombies (D:11)
  4 kobolds
  An orc skeleton (D:11)
  4 orc zombies (D:11)
  7 rats
226 creatures vanquished.

Vanquished Creatures (collateral kills)
  A polar bear (shapeshifter) (D:8)
  Duvessa (D:4)
  Dowan (D:4)
  Natasha (D:4)
  An orc (D:8)
5 creatures vanquished.

Vanquished Creatures (others)
  An orc (D:10)
  A kobold (D:10)
  3 fungi
  2 plants (D:10)
7 creatures vanquished.

Grand Total: 238 creatures vanquished

Notes
Turn   | Place    | Note
-------+----------+-------------------------------------------
     0 | D:1      | Lekart the Draconian Chaos Knight began the quest for the
                  | Orb.
     0 | D:1      | Reached XP level 1. HP: 19/19 MP: 1/1
    53 | D:1      | Found Puevesk's Weapon Shoppe.
    85 | D:1      | You fall into a shaft and drop 1 floor!
   221 | D:2      | Reached XP level 2. HP: 26/26 MP: 2/2
   407 | D:2      | Noticed an ogre
   417 | D:2      | XOM: potion effect (brilliance)
   420 | D:2      | XOM: potion effect (invisibility)
   422 | D:2      | Killed an ogre
   423 | D:2      | Reached skill level 4 in Long Blades
   423 | D:2      | Reached XP level 3. HP: 14/33 MP: 3/3
   423 | D:2      | Reached XP level 4. HP: 17/40 MP: 4/4
   775 | D:2      | XOM: divination: detect items
  1015 | D:2      | Reached XP level 5. HP: 47/47 MP: 5/5
  1044 | D:2      | XOM: divination: detect items
  1075 | D:2      | XOM: silly message
  1945 | D:4      | Noticed Duvessa
  1946 | D:4      | Noticed Dowan
  1947 | D:4      | XOM: fog
  1955 | D:4      | XOM: potion effect (heal wounds)
  2273 | D:4      | XOM: divination: detect items
  2505 | D:4      | Noticed Natasha
  2508 | D:4      | Reached skill level 5 in Long Blades
  2516 | D:4      | Killed Natasha
  2576 | D:4      | Noticed Natasha
  2587 | D:4      | Killed Natasha
  2599 | D:4      | Reached XP level 6. HP: 51/53 MP: 6/6
  2643 | D:4      | XOM: cast spell 'Dispersal'
  2844 | D:4      | XOM: god gift: bubbling green potion {god gift}
  2887 | D:4      | Reached skill level 5 in Fighting
  2990 | D:4      | XOM: confuse monster(s)
  2993 | D:4      | Found a staircase to the Ecumenical Temple.
  3000 | D:4      | XOM: smoke on damage
  3021 | D:4      | XOM: cast spell 'Monstrous Menagerie'
  3027 | D:4      | Killed Duvessa
  3027 | D:4      | Killed Dowan
  3028 | D:4      | Reached skill level 6 in Long Blades
  3041 | D:4      | Noticed Natasha
  3044 | D:4      | Killed Natasha
  3045 | D:4      | Your scales start taking on a lurid green colour.
  3045 | D:4      | Reached XP level 7. HP: 25/61 MP: 7/7
  3045 | D:4      | Gained mutation: Your system is resistant to poisons.
                  | (rPois) [Green Draconian growth]
  3358 | D:4      | Noticed Eustachio
  3366 | D:4      | Killed Eustachio
  3507 | D:4      | Noticed Ijyb
  3510 | D:4      | XOM: confuse monster(s)
  3513 | D:4      | Reached skill level 7 in Long Blades
  3524 | D:4      | Killed Ijyb
  3836 | D:4      | XOM: potion effect (brilliance)
  4000 | Temple   | Entered the Ecumenical Temple
  4028 | Temple   | XOM: silly message
  4217 | D:4      | XOM: god gift: hunting sling {god gift}
  4223 | D:5      | Entered Level 5 of the Dungeon
  4229 | D:5      | XOM: silly message
  4235 | D:5      | Noticed Sigmund
  4237 | D:5      | XOM: divination: detect items
  4246 | D:5      | Killed Sigmund
  4247 | D:5      | Reached XP level 8. HP: 61/70 MP: 8/8
  4250 | D:5      | XOM: cast spell 'Shadow Creatures'
  4253 | D:5      | XOM: smoke on damage
  4448 | D:5      | Reached skill level 8 in Long Blades
  4486 | D:5      | XOM: silly message
  4799 | D:5      | XOM: 2-stop teleportation journey
  5309 | D:5      | Found a blossoming altar of Fedhas.
  5484 | D:5      | XOM: cloud trail
  5649 | D:5      | Noticed Blork the orc
  5684 | D:5      | XOM: give mutation
  5684 | D:5      | Gained mutation: You are robust. (+10% HP) [Xom's grace]
  5775 | D:4      | XOM: god gift: scale mail {god gift}
  5899 | D:5      | Killed Blork the orc
  5900 | D:5      | Reached skill level 9 in Long Blades
  5977 | D:5      | Reached skill level 5 in Dodging
  6199 | D:6      | XOM: chaos cloud
  6229 | D:6      | XOM: 3-stop teleportation journey
  6394 | D:6      | XOM: silly message
  6612 | D:6      | Reached XP level 9. HP: 64/85 MP: 9/9
  7008 | D:6      | XOM: give mutations
  7008 | D:6      | Gained mutation: You are weak. (Str -2) [Xom's mischief]
  7008 | D:6      | Gained mutation: Your magical capacity is low. (-10% MP)
                  | [Xom's mischief]
  7008 | D:6      | Lost mutation: You are robust. (+10% HP) [Xom's mischief]
  7008 | D:6      | Gained mutation: Your flesh is heat resistant. (rF+) [Xom's
                  | mischief]
  7300 | D:7      | HP: 2/78 [hornet zombie (10)]
  7595 | D:6      | XOM: summons 2 hostile demons
  7762 | D:7      | XOM: smoke on damage
  7787 | D:7      | XOM: noise
  7906 | D:7      | Reached skill level 1 in Shields
  7995 | D:7      | XOM: noise
  8237 | D:7      | XOM: 3-stop teleportation journey
  9055 | D:7      | XOM: 3-stop teleportation journey
  9090 | D:7      | Found a basalt altar of Yredelemnul.
  9159 | D:7      | XOM: give mutation
  9159 | D:7      | Gained mutation: You sometimes lose the ability to read
                  | scrolls when taking damage. [Xom's mischief]
  9161 | D:7      | XOM: potion effect (brilliance)
  9212 | D:7      | XOM: silly message
  9424 | D:7      | Found a sparkling altar of Nemelex Xobeh.
  9622 | D:8      | Reached skill level 10 in Long Blades
  9628 | D:8      | Found Ufuavoc's Jewellery Boutique.
  9634 | D:8      | Found a sand-covered staircase.
  9643 | Ossuary  | Entered an ossuary
  9773 | Ossuary  | XOM: silly message
  9907 | Ossuary  | XOM: silly message
  9996 | Ossuary  | XOM: divination: detect items
 10005 | Ossuary  | XOM: fog
 10110 | Ossuary  | XOM: cleaving
 10113 | Ossuary  | XOM: summons friendly quasit
 10284 | D:8      | Bought an amulet of regeneration for 330 gold pieces
 10465 | D:8      | XOM: cast spell 'Summon Horrible Things'
 10467 | D:8      | Noticed a polar bear
 10467 | D:8      | a shapeshifter changed into a polar bear
 10469 | D:8      | Killed a polar bear
 10470 | D:8      | Reached XP level 10. HP: 72/88 MP: 9/9
 10518 | D:8      | Found a glowing silver altar of Zin.
 10684 | D:8      | Found a stormy altar of Qazlal.
 10728 | D:8      | Noticed a two-headed ogre
 10738 | D:8      | XOM: cleaving
 10739 | D:8      | XOM: butterfly on damage
 10755 | D:8      | Killed a two-headed ogre
 10763 | D:8      | XOM: give mutations
 10763 | D:8      | Gained mutation: Your tail ends in a poisonous barb. [Xom's
                  | mischief]
 10763 | D:8      | Lost mutation: You are weak. (Str -2) [Xom's mischief]
 10763 | D:8      | Gained mutation: You are frail. (-10% HP) [Xom's mischief]
 10983 | D:9      | XOM: confuse monster(s)
 11054 | D:9      | XOM: enchant monster (bad)
 11146 | D:8      | XOM: give mutations
 11146 | D:8      | Gained mutation: You evolve. [Xom's grace]
 11146 | D:8      | Gained mutation: You expend magic power (3 MP) to
                  | strengthen your wands. [Xom's grace]
 11271 | D:9      | XOM: 3-stop teleportation journey
 11288 | D:9      | Noticed a two-headed ogre
 11298 | D:9      | XOM: cast spell 'Summon Mana Viper'
 11300 | D:9      | Killed a two-headed ogre
 11431 | D:9      | XOM: give mutations
 11431 | D:9      | Lost mutation: You are frail. (-10% HP) [Xom's mischief]
 11431 | D:9      | Lost mutation: You expend magic power (3 MP) to strengthen
                  | your wands. [Xom's mischief]
 11539 | D:9      | Reached skill level 11 in Long Blades
 11621 | D:10     | Entered Level 10 of the Dungeon
 11672 | D:9      | XOM: cloud trail
 11796 | D:9      | XOM: summons 4 friendly demons
 11847 | D:9      | Reached skill level 5 in Shields
 11878 | D:10     | Found a staircase to the Lair.
 11884 | D:10     | XOM: enchant monster (good)
 11886 | D:10     | Reached skill level 1 in Evocations
 11888 | D:10     | XOM: polymorph orc warrior -> hobgoblin
 12122 | D:10     | XOM: destruction
 12124 | D:10     | XOM: god gift: staff of conjuration
 12147 | D:10     | Noticed a two-headed ogre
 12155 | D:10     | Killed a two-headed ogre
 12160 | D:10     | Noticed anet's ghost (journeyman HOCj)
 12175 | D:10     | Found a runed translucent gate.
 12176 | D:10     | Found a runed translucent gate.
 12177 | D:10     | Found a runed translucent gate.
 12230 | D:10     | XOM: give mutations
 12230 | D:10     | Gained mutation: Your mind is acute. (Int +2) [Xom's grace]
 12230 | D:10     | Gained mutation: Your spells are a little harder to cast,
                  | but a little more powerful. [Xom's grace]
 12230 | D:10     | Gained mutation: You are strong-willed. (Will+) [Xom's
                  | grace]
 12236 | D:10     | XOM: god gift: book of the Hunter
 12242 | D:10     | Lost mutation: Your flesh is heat resistant. (rF+) [potion
                  | of mutation]
 12242 | D:10     | Gained mutation: You are weak. (Str -2) [potion of
                  | mutation]
 12242 | D:10     | Gained mutation: Your flesh is heat resistant. (rF+)
                  | [potion of mutation]
 12242 | D:10     | Gained mutation: You have sharp fingernails. [potion of
                  | mutation]
 12361 | D:10     | Noticed a soul eater
 12409 | D:10     | Found an opulent altar of Gozag.
 12476 | D:10     | XOM: god gift: scroll of vulnerability
 12477 | D:10     | XOM: cast spell 'Statue Form'
 12491 | D:10     | Reached XP level 11. HP: 95/95 MP: 9/9
 12562 | D:10     | XOM: potion effect (brilliance)
 12572 | D:10     | XOM: potion effect (heal wounds)
 12606 | D:10     | XOM: potion effect (curing)
 12637 | D:10     | XOM: potion effect (curing)
 12849 | D:11     | XOM: god gift: 2 scrolls of vulnerability
 13006 | Lair:1   | XOM: noise
 13006 | Lair:1   | Entered Level 1 of the Lair of Beasts
 13133 | Lair:1   | XOM: smoke on damage
 13140 | Lair:1   | HP: 1/86 [something (27)]
 13142 | Lair:1   | Slain by a komodo dragon

Illustrated notes

Levels and vault maps discovered:
D:1:      dpeg_arrival_short_road, layout_basic, serial_shops,
          nicolae_shop_behind_doors, serial_corexii_hall,
          chequers_hall_statues_y, corexii_hall_statues_s,
          basic_ecumenical_altar, chequers_serial_rivers_marsh,
          minmay_misc_feat_doors, chequers_serial_rivers_large_a
D:2:      layout_basic
D:3:      layout_loops_cross
D:4:      layout_loops_corners, minmay_temple_entry_tees,
          minmay_fire_ice_demons, uniq_ijyb, uniq_duvessa, uniq_natasha,
          uniq_eustachio
D:5:      layout_basic, nicolae_overflow_crystal_walls, sword_in_stone,
          uniq_blork_the_orc, uniq_sigmund
D:6:      layout_basic
D:7:      minmay_recursive_quarters, layout_gridville, amcnicky_altar_gilded,
          nemelex_diamond_rough_becter
D:8:      layout_basic, lemuel_doored_altar, nicolae_overflow_hidden_temple,
          serial_shops, shop_fountains, chequers_ossuary_entry_cave
D:9:      layout_rooms, billiards_dpeg
D:10:     layout_big_octagon, kennysheep_mini, erik_lair_island,
          gammafunk_ghost_nasty_kobolds, grunt_decor_arrowhead,
          minmay_variable_closet, nooodl_orcs_dogs
D:11:     layout_grid_maze, zombieorc2_lemuel, nicolae_vehumet_radiance
Temple:   regret_index_temple_sphere_string
Lair:1:   layout_roguey, lemuel_fruit_tree, grunt_megastairs_5,
          infiniplex_staircase_pool_2, uniq_erica

Skill      XL: |  1  2  3  4  5  6  7  8  9 10 11 |
---------------+----------------------------------+-----
Fighting       | 4 5 6 8 |  8.9
Long Blades    | 4 5 6 7 9 10 11 | 11.5
Dodging        | 3 4 5 6 8 |  8.4
Shields        | 3 5 6 |  6.3
Evocations     | 1 |  1.6
Throwing       | |  0.5

Action                   |  1- 3 |  4- 6 |  7- 9 | 10-12 || total
-------------------------+-------+-------+-------+-------++-------
Melee: Falchion          |    44 |   147 |   569 |   354 ||  1114
       Tailslap          |     6 |    23 |   106 |    64 ||   199
Throw: Throwing net      |       |       |     1 |     3 ||     4
       Dart              |       |       |       |     1 ||     1
 Abil: Breathe Noxious F |       |       |    15 |    13 ||    28
Evoke: Wand              |       |       |       |    14 ||    14
  Use: Scroll            |     3 |     4 |     7 |     4 ||    18
       Potion            |       |     4 |     2 |     4 ||    10
 Stab: Sleeping          |     1 |     2 |     2 |       ||     5
       Invisible         |     1 |       |       |       ||     1
       Paralysed         |       |     5 |    11 |       ||    16
       Confused          |       |     3 |    12 |    13 ||    28
       Distracted        |       |       |     1 |       ||     1
       Petrified         |       |       |     1 |       ||     1
Armor: Skin              |    11 |    47 |   170 |    74 ||   302
Dodge: Dodged            |    27 |    91 |   238 |   260 ||   616
       Repelled          |       |       |     2 |     8 ||    10
Block: Kite shield       |       |       |   184 |   207 ||   391
       Rpst.: Falchion   |    11 |    32 |    58 |    51 ||   152

Table legend: (Time is in decaauts)
 A = Elapsed time spent in this place.
 B = Non-inter-level travel time spent in this place.
 C = Inter-level travel time spent in this place.
 D = Time resting spent in this place.
 E = Time spent auto-exploring this place.
 F = Levels seen in this place.
 G = Mean time per level.
                   A        B        C        D        E       F      G
               +--------+--------+--------+--------+--------+-----+--------+
         Total |  13209 |  12825 |    384 |   3874 |   6098 |  14 |  943.5 |
       Dungeon |  12272 |  11909 |    363 |   3511 |   5892 |  11 | 1115.6 |
        Temple |    187 |    167 |     20 |      0 |    166 |   1 |  187.0 |
          Lair |    132 |    132 |      0 |      8 |     40 |   1 |  132.0 |
       Ossuary |    616 |    616 |      0 |    355 |      0 |   1 |  616.0 |
               +--------+--------+--------+--------+--------+-----+--------+

Top non-repeatable levels by time:
     D:4: 2129 daAuts
     D:5: 1751 daAuts
     D:6: 1666 daAuts
     D:7: 1644 daAuts
     D:2: 1153 daAuts
     D:9: 1028 daAuts
     D:3: 1025 daAuts
    D:10: 807 daAuts
     D:8: 730 daAuts
 Ossuary: 616 daAuts
    D:11: 249 daAuts
  Temple: 187 daAuts
  Lair:1: 132 daAuts
     D:1: 85 daAuts
